 Dungeon Crawl Stone Soup version 0.31-a0-875-g02e7d12df6 (webtiles) character file.

Game seed: 16143350022954509577

31472 Pooter the Severer (level 13, 0/119 HPs)
             Began as a Minotaur Fighter on Oct 11, 2023.
             Was a High Priest of Okawaru.
             Engulfed by an ice statue's freezing vapour (24 damage)
             ... in an ice cave on Oct 13, 2023.
             The game lasted 01:35:54 (24836 turns).

Pooter the Severer (Minotaur Fighter)              Turns: 24836, Time: 01:35:54

Health: 0/119      AC: 23    Str: 31    XL:     13   Next: 26%
Magic:  11/17      EV: 12    Int:  9    God:    Okawaru [*****.]
Gold:   449        SH:  5    Dex:  7    Spells: 9/12 levels left

rFire   . . .        a - +2 executioner's axe (flame)
rCold   . . .        (shield currently unavailable)
rNeg    + + .        T - +6 acid dragon scales "Sizxet" {rPois rCorr Int+4 Dex-4 Slay+2}
rPois   +            R - +2 hat {Stlth+}
rElec   .            q - +2 cloak
rCorr   +            z - +1 pair of gloves
SInv    .            j - +0 pair of boots
Will    .....        y - amulet of Xavawo {Reflect rC- rN++ SH+5}
Stlth   +++          B - +6 ring of strength
HPRegen 0.39/turn    I - ring of protection from cold
MPRegen 0.15/turn

%: reflection
@: heroic, finesse-ful, studying 2 skills
A: horns 2, retaliatory headbutt
a: Renounce Religion, Heroism, Finesse, Duel


You were in an ice cave.
You worshipped Okawaru.
Okawaru was extremely pleased with you.
You visited 4 branches of the dungeon, and saw 16 of its levels.
You also visited: Sewer, Ossuary, Gauntlet and Ice Cave.

You collected 2091 gold pieces.
You spent 1642 gold pieces at shops.

Inventory:

Hand Weapons
 a - a +2 executioner's axe of flaming (weapon)
   (You acquired it on level 8 of the Dungeon)
 b - the +8 storm bow {elec, penet}
   (You found it on level 9 of the Dungeon)
 r - a +2 dire flail of draining
   (You took it off an orc knight on level 2 of the Orcish Mines)
 L - a +3 battleaxe of holy wrath
   (You acquired it in a Gauntlet)
Missiles
 k - 6 curare-tipped darts
 n - 33 poisoned darts (quivered)
 p - 3 atropa-tipped darts
 u - 5 boomerangs
 O - 8 silver javelins
 Q - 5 stones
Armour
 j - a +0 pair of boots (worn)
   (You found it on level 1 of the Dungeon)
 q - a +2 cloak (worn)
   (You found it on level 10 of the Dungeon)
 z - a +1 pair of gloves (worn)
   (You found it on level 10 of the Dungeon)
 G - the +0 hat "Buimmoett" {Harm rC- rN++}
   (You acquired it on level 6 of the Dungeon)

   rC-:       It makes you vulnerable to cold.
   rN++:      It greatly protects you from negative energy.
   Harm:      It increases damage dealt and taken.
 H - a +5 plate armour of fire resistance
   (You bought it in a shop on level 1 of the Dungeon)
 R - a +2 hat of stealth (worn)
   (You found it in a Gauntlet)
 T - the +6 acid dragon scales "Sizxet" (worn) {rPois rCorr Int+4 Dex-4 Slay+2}
   (You took it off a minotaur in a Gauntlet)

   Int+4:     It affects your intelligence (+4).
   Dex-4:     It affects your dexterity (-4).
   Slay+2:    It affects your accuracy & damage with ranged weapons and melee
   (+2).
   rPois:     It protects you from poison rCorr: It protects you from acid and
   corrosion.
Jewellery
 v - a ring of magical power
   (You found it on level 3 of the Dungeon)
 y - the amulet of Xavawo (around neck) {Reflect rC- rN++ SH+5}
   (You acquired it on level 9 of the Dungeon)

   [amulet of reflection]

   Reflect:   It reflects blocked missile attacks.
   rC-:       It makes you vulnerable to cold.
   rN++:      It greatly protects you from negative energy.
   SH+5:      It affects your SH (+5).
 B - a +6 ring of strength (left hand)
   (You bought it in a shop on level 3 of the Dungeon)
 C - a ring of resist corrosion
   (You found it in a Gauntlet)
 F - a ring of protection from fire
   (You found it on level 9 of the Dungeon)
 I - a ring of protection from cold (right hand)
   (You bought it in a shop on level 1 of the Dungeon)
 K - a +6 ring of intelligence
   (You found it in a Gauntlet)
 N - a +5 ring of evasion
   (You found it on level 5 of the Dungeon)
 P - a ring of poison resistance
   (You found it on level 11 of the Dungeon)
 W - a ring of wizardry
   (You found it on level 9 of the Dungeon)
Wands
 d - a wand of iceblast (10)
   (You bought it in a shop on level 3 of the Dungeon)
 f - a wand of flame (7)
   (You took it off an orc on level 9 of the Dungeon)
 s - a wand of polymorph (9)
   (You found it on level 11 of the Dungeon)
Scrolls
 t - 4 scrolls of teleportation {@r4}
 w - a scroll of amnesia
 A - a scroll of vulnerability {!r}
 E - 2 scrolls of brand weapon
 M - 2 scrolls of blinking
 S - a scroll of immolation {!r}
 U - a scroll of poison
 V - a scroll of fog
 Y - a scroll of revelation
Potions
 e - 7 potions of curing {@q1}
 g - 2 potions of haste {@q3}
 h - 2 potions of invisibility {unknown}
 i - 2 potions of cancellation {unknown}
 l - 5 potions of mutation {!q}
 m - 4 potions of heal wounds {@q2}
 o - 4 potions of enlightenment
 D - 3 potions of lignification {!q}
 Z - a potion of attraction {unknown}


   Skills:
 + Level 12.6(17.6) Fighting
 * Level 17.1(22.1) Axes
 * Level 13.3(18.3) Ranged Weapons
 - Level 3.6(8.6) Armour
 - Level 3.6(8.6) Shields
 + Level 1.0 Translocations
 + Level 7.6 Invocations


You had 9 spell levels left.
You knew the following spells:

 Your Spells              Type           Power      Damage    Failure   Level
a - Poisonous Vapours     Pois/Air       0%         N/A       56%         2
c - Apportation           Tloc           2%         N/A       30%         1

Your spell library contained the following spells:

 Spells                   Type           Power      Damage    Failure   Level
 Blink                    Tloc           2%         N/A       41%         2
 Lesser Beckoning         Tloc           2%         N/A       41%         2
 Necrotise                Necr           0%         1d4       43%         1
 Momentum Strike          Conj/Tloc      0%         3d8       50%         2
 Ensorcelled Hibernation  Hex/Ice        0%         N/A       56%         2
 Passwall                 Tmut/Erth      0%         N/A       56%         2
 Volatile Blastmotes      Fire/Tloc      0%         2d10      75%         3
 Dazzling Flash           Conj/Hex       0%         N/A       80%         3
 Hailstorm                Conj/Ice       0%         3d3       80%         3
 Mephitic Cloud           Conj/Pois/Air  0%         N/A       80%         3
 Swiftness                Air            0%         N/A       80%         3
 Vhi's Electric Charge    Tloc/Air       0%         N/A       98%         4
 Brom's Barrelling Bould  Conj/Erth      0%         2d3       99%         4
 Fireball                 Conj/Fire      0%         3d3       100%        5
 Freezing Cloud           Conj/Ice/Air   0%         6-21      100%        5
 Irradiate                Conj/Tmut      0%         3d11      100%        5
 Iskenderun's Battlesphe  Conj           0%         2d6       100%        5
 Lee's Rapid Deconstruct  Erth           0%         3d4*      100%        5
 Conjure Ball Lightning   Conj/Air       0%         3x3d6     100%        6
 Dispersal                Tloc           0%         N/A       100%        6
 Eringya's Noxious Bog    Tmut/Pois      0%         4d6       100%        6
 Orb of Destruction       Conj           0%         9d5       100%        7
 Lehudib's Crystal Spear  Conj/Erth      0%         10d2      100%        8
 Chain Lightning          Conj/Air       0%         N/A       100%        9
 Fire Storm               Conj/Fire      0%         5d1       100%        9
 Shatter                  Erth           0%         3d5*      100%        9
 Summon Small Mammal      Summ           Unusable   N/A       N/A         1
 Summon Guardian Golem    Hex/Summ       Unusable   N/A       N/A         3
 Animate Armour           Summ/Erth      Unusable   N/A       N/A         4
 Summon Lightning Spire   Summ/Air       Unusable   N/A       N/A         4
 Summon Forest            Summ/Tloc      Unusable   N/A       N/A         5
 Spellforged Servitor     Conj/Summ      Unusable   N/A       N/A         7
 Summon Hydra             Summ           Unusable   N/A       N/A         7

Dungeon Overview and Level Annotations

Branches:
Dungeon (11/15) Zot: 25449  Temple (1/1) D:6 Zot: 5989    Lair (2/5) D:8 Zot: 8541
    Orc (2/2) D:10 Zot: 4777     Elf (0/3) Orc:2         Sewer (visited)
Ossuary (visited)           IceCv (1/1) Zot: 5392   Gauntlet (visited)
  Swamp: Lair:2-3    Shoals: Lair:2-3     Snake: Lair:2-3    Spider: Lair:2-3

Altars:
Ashenzari
Cheibriados
Dithmenos
Elyvilon
Fedhas
Gozag
Hepliaklqana
Kikubaaqudgha
Makhleb
Nemelex Xobeh
Okawaru
Qazlal
Ru
Sif Muna
Trog
Uskayaw
Vehumet
Wu Jian
Xom
Yredelemnul
Zin
The Shining One

Shops:
D:1 [=*(   D:3 *   D:6 :   Orc:2 ([(*

Portals:
Trove: D:11 (give +2 gold dragon scales)

Annotations:
D:4 3 runed translucent doors, dragonking145's ghost, amateur GrFi
D:5 1 runed translucent door, Crazy Yiuf
D:7 3 runed translucent doors, Joey1's ghost, novice MiBe
D:9 3 runed translucent doors IceCv exclusion: ice statue


Innate Abilities, Weirdness & Mutations

You have a pair of horns on your head.
You reflexively headbutt those who attack you in melee.


Message History

You shoot an arrow.
The arrow pierces through the ice statue!
Fire: b) +8 storm bow {elec, penet}
Press: ? - help, Q - select action, (/) - cycle Shift-Dir - straight line, f/p - ice statue
Aim: an ice statue (moderately damaged, 95% to hit)
You shoot an arrow. The arrow barely misses the ice statue.
Fire: b) +8 storm bow {elec, penet}
Press: ? - help, Q - select action, (/) - cycle Shift-Dir - straight line, f/p - ice statue
Aim: an ice statue (moderately damaged, 95% to hit)
You shoot an arrow.
The arrow completely misses the ice statue.
Fire: b) +8 storm bow {elec, penet}
Press: ? - help, Q - select action, (/) - cycle Shift-Dir - straight line, f/p - ice statue
Aim: an ice statue (moderately damaged, 95% to hit)
You shoot an arrow. The arrow barely misses the ice statue.
The ice statue gestures.
Fire: b) +8 storm bow {elec, penet}
Press: ? - help, Q - select action, (/) - cycle Shift-Dir - straight line, f/p - ice statue
Aim: an ice statue (moderately damaged, 95% to hit)
You shoot an arrow.
The arrow pierces through the ice statue!
Fire: b) +8 storm bow {elec, penet}
Press: ? - help, Q - select action, (/) - cycle Shift-Dir - straight line, f/p - ice statue
Aim: an ice statue (heavily damaged, 95% to hit)
You shoot an arrow.
The arrow pierces through the ice statue.
Fire: b) +8 storm bow {elec, penet}
Press: ? - help, Q - select action, (/) - cycle Shift-Dir - straight line, f/p - ice statue
Aim: an ice statue (heavily damaged, 95% to hit)
You shoot an arrow.
The arrow pierces through the ice beast!
The arrow pierces through the ice statue but does no damage.
You block the ice beast's attack.
The +8 storm bow {elec, penet} stops crackling.
Your +2 executioner's axe of flaming bursts into flame!
a - a +2 executioner's axe of flaming (weapon)
The ice statue gestures at you.
The freezing blast engulfs the ice beast.
The ice beast completely resists.
The ice beast hits you but does no damage.
You can now deal lightning-fast blows.
You are engulfed in freezing vapours.
* * * LOW HITPOINT WARNING * * *
The ice beast hits you.
* * * LOW HITPOINT WARNING * * *
The ice beast freezes you!
* * * LOW HITPOINT WARNING * * *
The ice statue gestures.
You are engulfed in freezing vapours.
You die...

.# # #..# ###.
###. ...# ...#
##... ##..# .8.
#...# ##..##
#Y° #..###..#.#
#○° #..##§§§.#
#°○####.§##.☼##
#°Y○#§§§§§#..##
##.@..#.####..#
######## ##.##
#..## ##...#
#...## ##...#
#...# ####.∩.#
..##≈≈##..##


You could see an ice statue and 2 ice beasts.

Vanquished Creatures
  An orc warlord (D:10)
  A minotaur (Gauntlet)
  A green death (Gauntlet)
  A great orb of eyes (D:9)
  A vault guard (D:11)
  2 two-headed ogres
  4 orc high priests (Orc:2)
  Sonja (D:10)
  6 orc knights
  A cyclops (D:9)
  4 orc sorcerers
  A manticore (D:11)
  2 black mambas (Lair:1)
  A gargoyle (D:9)
  4 cane toads
  An apocalypse crab (Gauntlet)
  3 komodo dragons
  2 kobold demonologists (D:11)
  A hornet (D:11)
  5 trolls
  3 centaur simulacra (Gauntlet)
  A shadow (D:11)
  A vampire (D:10)
  17 yaks
  A wyvern (D:8)
  A wraith (D:9)
  3 steam dragons
  2 basilisks
  2 vampire mosquitoes (D:11)
  3 wargs
  24 water moccasins
  2 acid dragons
  A swamp drake (Lair:1)
  22 orc warriors
  3 black bears
  2 sky beasts
  10 ogres
  5 wolves (Lair:2)
  2 centaurs
  A phantom (D:4)
  An elf zombie (Ossuary)
  4 kobold brigands
  2 bullfrogs
  3 gnoll sergeants
  3 scorpions
  A two-headed ogre simulacrum (IceCv)
  3 wights (D:8)
  A killer bee (D:9)
  2 electric eels (Lair:1)
  2 jellies (D:5)
  4 centaur zombies (Ossuary)
  A wyvern simulacrum (Gauntlet)
  3 hounds (D:7)
  10 orc priests
  A gnoll bouda (D:6)
  2 sleepcaps
  4 iguanas
  15 orc wizards
  2 hound zombies (Ossuary)
  3 mummies (Ossuary)
  21 gnolls
  22 adders
  A naga simulacrum (IceCv)
  3 river rats
  3 shadow imps
  2 white imps
  4 ufetubi
  4 adder zombies (Ossuary)
  2 worms (D:5)
  3 dart slugs (D:1)
  53 orcs
  6 ball pythons
  6 bats
  9 endoplasms
  7 giant cockroaches
  4 goblins
  7 hobgoblins
  10 jackals
  A quokka (D:3)
  3 frilled lizards (D:1)
  A goblin zombie (Ossuary)
  3 hobgoblin zombies (Ossuary)
  5 jackal zombies (Ossuary)
  26 kobolds
  2 kobold zombies (Ossuary)
  2 orc zombies (Ossuary)
  5 quokka zombies (Ossuary)
  10 rats
  6 rat zombies (Ossuary)
447 creatures vanquished.

Vanquished Creatures (others)
  A kobold brigand (D:11)
  An orc (Orc:2)
2 creatures vanquished.

Grand Total: 449 creatures vanquished

Notes
Turn   | Place    | Note
-------+----------+-------------------------------------------
     0 | D:1      | Pooter the Minotaur Fighter began the quest for the Orb.
     0 | D:1      | Reached XP level 1. HP: 19/19 MP: 0/0
    10 | D:1      | Found Pyack's Antique Weapon Boutique.
    10 | D:1      | Found Milalio's Jewellery Shoppe.
    84 | D:1      | Reached skill level 3 in Axes
   140 | D:1      | Reached XP level 2. HP: 27/27 MP: 1/1
   228 | D:1      | Found Lats's Antique Armour Boutique.
   350 | D:1      | Reached XP level 3. HP: 33/33 MP: 2/2
   373 | D:1      | Found Penut's Assorted Antiques.
   390 | D:1      | Bought a bubbling brown potion for 18 gold pieces
   390 | D:1      | Bought a fuming coppery potion for 18 gold pieces
   789 | D:2      | Reached skill level 4 in Axes
   841 | D:1      | Bought a viscous grey potion for 18 gold pieces
  1031 | D:2      | Reached XP level 4. HP: 35/41 MP: 3/3
  1148 | D:1      | Bought a bubbling brown potion for 18 gold pieces
  1581 | D:3      | Found a faded altar of an unknown god.
  1729 | D:3      | Found Xephoej's Assorted Antiques.
  1737 | D:3      | Bought a purple potion for 24 gold pieces
  1737 | D:3      | Bought a scroll labelled MEARAO QEDU for 27 gold pieces
  1909 | D:4      | Noticed a phantom
  1922 | D:4      | Killed a phantom
  1923 | D:4      | Reached skill level 5 in Fighting
  1923 | D:4      | Reached skill level 5 in Axes
  1923 | D:4      | Reached skill level 1 in Ranged Weapons
  1923 | D:4      | Reached XP level 5. HP: 37/48 MP: 4/4
  2057 | D:4      | Noticed a water moccasin
  2064 | D:4      | Killed a water moccasin
  2065 | D:4      | Reached skill level 6 in Axes
  2065 | D:4      | Reached XP level 6. HP: 55/56 MP: 5/5
  2084 | D:4      | Found a radiant altar of Vehumet.
  2091 | D:4      | Found a runed translucent gate.
  2091 | D:4      | Noticed dragonking145's ghost (amateur GrFi)
  2092 | D:4      | Found a runed translucent gate.
  2093 | D:4      | Found a runed translucent gate.
  2094 | D:4      | Identified the +3 chain mail of Spite {rC+}
  2584 | D:4      | Found an opulent altar of Gozag.
  2588 | D:4      | Found a snail-covered altar of Cheibriados.
  2588 | D:4      | Found an ornate altar of the Wu Jian Council.
  2592 | D:4      | Found a shimmering blue altar of Sif Muna.
  2680 | D:5      | Entered Level 5 of the Dungeon
  2819 | D:5      | Found a glowing drain.
  2832 | D:5      | Reached skill level 7 in Axes
  2832 | D:5      | Reached XP level 7. HP: 53/62 MP: 6/6
  2843 | Sewer    | Entered a sewer
  3184 | Sewer    | Found a white marble altar of Elyvilon.
  3537 | D:5      | Found a runed translucent door.
  3538 | D:5      | Noticed Crazy Yiuf
  3609 | D:5      | Reached skill level 8 in Axes
  4180 | D:6      | Found Lischypp's Book Boutique.
  4242 | D:6      | Reached XP level 8. HP: 65/71 MP: 7/7
  4286 | D:6      | Found a sand-covered staircase.
  4295 | Ossuary  | Entered an ossuary
  4426 | Ossuary  | Reached skill level 9 in Axes
  4535 | Ossuary  | Reached skill level 5 in Ranged Weapons
  4785 | D:6      | Found a staircase to the Ecumenical Temple.
  4796 | Temple   | Entered the Ecumenical Temple
  4801 | Temple   | Became a worshipper of Warmaster Okawaru
  4956 | D:6      | Identified 2 scrolls of acquirement
  4956 | D:6      | Acquired 612 gold pieces
  4958 | D:6      | Acquired the +0 hat "Buimmoett" {Harm rC- rN++}
  5481 | D:6      | Reached skill level 10 in Axes
  5939 | D:1      | Bought a shiny plate armour for 442 gold pieces
  6030 | D:3      | Bought a twisted copper ring for 135 gold pieces
  6030 | D:3      | Bought a murky grey potion for 24 gold pieces
  6030 | D:3      | Bought a shiny brass wand for 108 gold pieces
  6203 | D:7      | Noticed Joey1's ghost (novice MiBe)
  6206 | D:7      | Found a runed translucent gate.
  6206 | D:7      | Found a runed translucent gate.
  6206 | D:7      | Found a runed translucent gate.
  6206 | D:7      | Noticed a boulder beetle
  6214 | D:7      | Noticed a manticore
  6266 | D:7      | Found a sparkling altar of Nemelex Xobeh.
  7109 | D:8      | Reached * piety under Okawaru
  7110 | D:8      | Reached XP level 9. HP: 81/81 MP: 8/8
  7286 | D:8      | Noticed a komodo dragon
  7308 | D:8      | Killed a komodo dragon
  7309 | D:8      | Reached skill level 11 in Axes
  7838 | D:8      | Found a staircase to the Lair.
  7903 | D:8      | Acquired a +1 executioner's axe of flaming
  8341 | D:9      | Reached skill level 1 in Invocations
  8343 | D:9      | Noticed a troll
  8346 | D:9      | Killed a troll
  8347 | D:9      | Reached skill level 12 in Axes
  8539 | D:9      | Noticed a two-headed ogre
  8545 | D:9      | Killed a two-headed ogre
  8545 | D:9      | Reached ** piety under Okawaru
  8546 | D:9      | Reached XP level 10. HP: 91/91 MP: 8/10
  8591 | D:9      | Noticed a cyclops
  8596 | D:9      | Killed a cyclops
  8788 | D:9      | Found the +8 storm bow {elec, penet}
  8795 | D:9      | Identified the +3 shortbow of Fragile Peace {antimagic,
                  | rElec rCorr}
  8827 | D:9      | Noticed a cyclops
  8831 | D:9      | Found a runed translucent door.
  8831 | D:9      | Found a runed translucent door.
  8832 | D:9      | Found a runed translucent door.
  8956 | D:9      | Acquired the amulet of Xavawo {Reflect rC- rN++ SH+5}
  9011 | D:9      | Reached *** piety under Okawaru
  9187 | D:9      | Noticed a gargoyle
  9197 | D:9      | Killed a gargoyle
  9198 | D:9      | Reached skill level 13 in Axes
  9241 | D:9      | Found a faded altar of an unknown god.
  9243 | D:9      | Found a hazy altar of Hepliaklqana.
  9447 | D:10     | Entered Level 10 of the Dungeon
  9562 | D:10     | Noticed a two-headed ogre
  9568 | D:10     | Killed a two-headed ogre
  9569 | D:10     | Reached skill level 10 in Fighting
  9643 | D:10     | Noticed Sonja
  9658 | D:10     | Killed Sonja
  9658 | D:10     | Reached **** piety under Okawaru
  9848 | D:10     | Found a staircase to the Orcish Mines.
 10157 | D:1      | Bought a ring of protection from cold for 350 gold pieces
 10418 | D:10     | Reached XP level 11. HP: 101/101 MP: 13/13
 10836 | Orc:1    | Entered Level 1 of the Orcish Mines
 10837 | Orc:1    | Noticed an orc warlord
 10841 | D:10     | Reached ***** piety under Okawaru
 10903 | D:10     | Killed an orc warlord
 10904 | D:10     | Reached skill level 14 in Axes
 11849 | Orc:2    | Entered Level 2 of the Orcish Mines
 11851 | Orc:2    | Noticed an orc high priest
 12180 | Orc:2    | Killed an orc high priest
 12181 | Orc:2    | Reached skill level 10 in Ranged Weapons
 12181 | Orc:2    | Reached skill level 5 in Invocations
 12474 | Orc:2    | Noticed an orc knight
 12490 | Orc:1    | Killed an orc knight
 15052 | Orc:2    | Upgraded the game from 0.31-a0-868-g674d60d6f7 to
                  | 0.31-a0-875-g02e7d12df6
 15063 | Orc:1    | Noticed an orc sorcerer
 15066 | Orc:1    | Killed an orc sorcerer
 15112 | Orc:1    | Noticed an orc knight
 15123 | Orc:1    | Killed an orc knight
 15226 | Orc:2    | Reached skill level 15 in Axes
 15747 | Orc:2    | Noticed an orc knight
 15759 | Orc:2    | Received a gift from Okawaru
 16337 | Orc:2    | Found a staircase to the Elven Halls.
 16377 | Orc:2    | Killed an orc knight
 16459 | Orc:2    | Noticed an orc sorcerer
 16465 | Orc:2    | Killed an orc sorcerer
 16494 | Orc:2    | Noticed an orc knight
 16503 | Orc:2    | Killed an orc knight
 16518 | Orc:2    | Noticed an orc high priest
 16521 | Orc:2    | Noticed a sixfirhy
 16524 | Orc:2    | Killed an orc high priest
 16525 | Orc:2    | Reached XP level 12. HP: 78/110 MP: 15/15
 16530 | Orc:2    | Noticed an orc high priest
 16537 | Orc:2    | Killed an orc high priest
 16674 | Orc:2    | Noticed an orc high priest
 16682 | Orc:2    | Killed an orc high priest
 16725 | Orc:2    | Received a gift from Okawaru
 17924 | Orc:2    | Found Yciutz's Weapon Shoppe.
 17924 | Orc:2    | Found Haopn's Armour Boutique.
 17926 | Orc:2    | Found Leon Hor's Weapon Shoppe.
 17926 | Orc:2    | Found Zimeunk's Assorted Antiques.
 17936 | Orc:2    | Bought an amethyst potion for 28 gold pieces
 17936 | Orc:2    | Bought a scroll labelled AHOEFO ZAIWN for 32 gold pieces
 18087 | D:9      | Noticed a great orb of eyes
 18090 | D:9      | Killed a great orb of eyes
 18160 | D:11     | Noticed a vault guard
 18167 | D:11     | Killed a vault guard
 18168 | D:11     | Reached skill level 16 in Axes
 18172 | D:11     | Found a portal to a secret trove of treasure.
 18204 | D:11     | Found a gate leading to a gauntlet.
 18215 | Gauntlet | Entered a Gauntlet
 18215 | Gauntlet | Found a transporter.
 18215 | Gauntlet | Found a transporter.
 18228 | Gauntlet | Found a transporter.
 18250 | Gauntlet | Found a transporter.
 18480 | Gauntlet | Acquired a +3 battleaxe of holy wrath
 18488 | Gauntlet | Found a transporter.
 18496 | Gauntlet | Noticed a death scarab
 18502 | Gauntlet | Noticed a green death
 18703 | Gauntlet | Found a transporter.
 18706 | Gauntlet | Killed a green death
 18715 | Gauntlet | Got a fuliginous book
 18725 | Gauntlet | Found a transporter.
 18727 | Gauntlet | Found a transporter.
 18735 | Gauntlet | Found a transporter.
 18846 | Gauntlet | Found a transporter.
 18855 | Gauntlet | Identified the +6 acid dragon scales "Sizxet" {rPois rCorr
                  | Int+4 Dex-4 Slay+2}
 18855 | Gauntlet | Noticed a minotaur
 18865 | Gauntlet | Killed a minotaur
 19132 | Gauntlet | Got a curling book
 19134 | Gauntlet | Identified the +0 robe "Raesch" {rCorr Str+3 Dex+3}
 19137 | Gauntlet | Got a murmuring book
 19816 | D:11     | Received a gift from Okawaru
 20362 | Lair:1   | Entered Level 1 of the Lair of Beasts
 20476 | Lair:1   | Reached XP level 13. HP: 119/119 MP: 17/17
 20606 | Lair:1   | Received a gift from Okawaru
 21527 | Lair:1   | Learned a level 1 spell: Apportation
 21546 | Lair:1   | Learned a level 2 spell: Poisonous Vapours
 21796 | Orc:2    | Bought a scroll of revelation for 240 gold pieces
 21796 | Orc:2    | Bought a potion of heal wounds for 160 gold pieces
 22698 | Lair:1   | Reached skill level 17 in Axes
 24166 | Lair:2   | Reached skill level 1 in Translocations
 24216 | Lair:2   | Found a frozen archway.
 24226 | IceCv    | Entered an ice cave
 24836 | IceCv    | Engulfed by an ice statue's freezing vapour

Illustrated notes

Levels and vault maps discovered:
D:1:      saegor_arrival_simple_e, layout_loops_ring, serial_shops,
          shop_fountains, shop, shop, nicolae_shop_statue_plus
D:2:      layout_rooms
D:3:      layout_rooms, dreamdust_ecumenical_altar_grove, serial_shops,
          nicolae_shop_dealshenge
D:4:      layout_basic, minitemple, kennysheep_mini, biasface_ghost_orc_armoury,
          grunt_ministairs_8, hangedman_abyss_or_decor_lesser_grid
D:5:      layout_basic, portal_sewer_entry_c, uniq_crazy_yiuf_cottage
D:6:      layout_basic, minmay_temple_entry_glassed_door,
          nicolae_ossuary_entry_plus, serial_shops, shop
D:7:      layout_layer_cave, mainiacjoe_overflow_boulevard,
          gammafunk_ghost_split
D:8:      layout_loops_cross, david_lair_shrubbed
D:9:      minmay_the_grid_four_pointed_star
          [minmay_the_grid_triangle_9x9_intruding_spiral,
          minmay_the_grid_triangle_9x9_fully_insulated_deathbox,
          minmay_the_grid_triangle_9x9_corruption,
          minmay_the_grid_triangle_9x9_sprig,
          minmay_the_grid_prize_diamond_cup], layout_gridville,
          beargit_hepliaklqana_dungeon_heroes
D:10:     layout_stronghold, orc_0_dummy, hangedman_decor_points, uniq_sonja
D:11:     layout_gridville, enter_trove_5, gauntlet_entry_generic
Temple:   hellmonk_temple_of_storms
Lair:1:   lemuel_reptile_caves, layout_misc_corridors,
          infiniplex_staircase_pool, lemuel_fruit_tree
Lair:2:   layout_chaotic_city, portal_ice_cave_entry_pillars_1, uniq_gastronok,
          uniq_nergalle
Orc:1:    layout_diamond_mine
Orc:2:    grunt_orc_tribal_feast, layout_diamond_mine
IceCv:    ice_cave_caverns_02

Skill      XL: |  1  2  3  4  5  6  7  8  9 10 11 12 13 |
---------------+----------------------------------------+-----
Axes           | 3 4 5 6 7 8 10 12 13 15 16 17 | 17.1
Fighting       | 4 5 6 8 9 10 11 12 | 12.6
Ranged Weapons | 1 2 3 4 5 7 9 11 12 13 | 13.3
Invocations    | 2 4 6 7 |  7.6
Translocations | 1 |  1.0
Armour         | |  3.6
Shields        | |  3.6

Action                     |  1- 3 |  4- 6 |  7- 9 | 10-12 | 13-15 || total
---------------------------+-------+-------+-------+-------+-------++-------
  Melee: War axe           |    97 |    72 |   253 |       |       ||   422
         Headbutt          |     5 |    12 |    45 |    25 |       ||    87
         Executioner's axe |       |       |    16 |   141 |     3 ||   160
         Battleaxe         |       |       |       |     1 |       ||     1
   Fire: Sling             |       |    49 |    47 |       |       ||    96
         Shortbow          |       |       |     9 |       |       ||     9
         Longbow           |       |       |       |   220 |   126 ||   346
  Throw: Dart              |       |     3 |     8 |       |       ||    11
         Stone             |       |     1 |       |       |       ||     1
         Boomerang         |       |     3 |       |       |       ||     3
 Invoke: Heroism           |       |       |     6 |    13 |     1 ||    20
         Finesse           |       |       |       |       |     1 ||     1
  Evoke: Wand              |       |       |     1 |     2 |       ||     3
    Use: Potion            |       |     1 |     2 |     4 |       ||     7
         Scroll            |       |     2 |    19 |     6 |     2 ||    29
 Armour: Scale mail        |    78 |    68 |    31 |       |       ||   177
         Chain mail        |       |       |   117 |       |       ||   117
         Plate armour      |       |       |    40 |   157 |       ||   197
         Acid dragon scale |       |       |       |    26 |    30 ||    56
  Dodge: Dodged            |    45 |    36 |   158 |   119 |    18 ||   376
  Block: Buckler           |    19 |    12 |    43 |       |       ||    74
         Other             |       |       |       |    55 |     9 ||    64
         Reflection        |       |       |       |     9 |       ||     9

Table legend: (Time is in decaauts)
 A = Elapsed time spent in this place.
 B = Non-inter-level travel time spent in this place.
 C = Inter-level travel time spent in this place.
 D = Time resting spent in this place.
 E = Time spent auto-exploring this place.
 F = Levels seen in this place.
 G = Mean time per level.
                   A        B        C        D        E       F      G
               +--------+--------+--------+--------+--------+-----+--------+
         Total |  25092 |  23313 |   1779 |  11617 |   8206 |  20 | 1254.6 |
       Dungeon |  12134 |  10734 |   1400 |   1825 |   6871 |  11 | 1103.1 |
        Temple |     10 |     10 |      0 |      0 |      0 |   1 |   10.0 |
          Lair |   3458 |   3404 |     54 |   2620 |    510 |   2 | 1729.0 |
  Orcish Mines |   7222 |   6898 |    324 |   5759 |    481 |   2 | 3611.0 |
         Sewer |    455 |    455 |      0 |    235 |     93 |   1 |  455.0 |
       Ossuary |    289 |    289 |      0 |      0 |    136 |   1 |  289.0 |
      Ice Cave |    607 |    607 |      0 |    545 |     19 |   1 |  607.0 |
      Gauntlet |    914 |    914 |      0 |    631 |     95 |   1 |  914.0 |
               +--------+--------+--------+--------+--------+-----+--------+

Top non-repeatable levels by time:
   Orc:2: 5257 daAuts
  Lair:1: 3364 daAuts
   Orc:1: 1964 daAuts
    D:10: 1535 daAuts
     D:6: 1433 daAuts
     D:9: 1404 daAuts
     D:8: 1276 daAuts
    D:11: 1230 daAuts
     D:7: 1142 daAuts
     D:5: 1003 daAuts
     D:1: 944 daAuts
Gauntlet: 914 daAuts
     D:4: 857 daAuts
     D:3: 709 daAuts
   IceCv: 607 daAuts
